 Dungeon Crawl Stone Soup version 0.25-a0-424-g80bd347 (webtiles) character file.

Game seed: 4044161797374599177, levelgen mode: deterministic

5711 silenth the Cleaver (level 10, 0/91 HPs)
             Began as a Hill Orc Fighter on Jan 21, 2020.
             Was a Believer of Nemelex Xobeh.
             Slain by a manticore (2 damage)
             ... while petrified by you
             ... on level 10 of the Dungeon.
             The game lasted 00:10:09 (9202 turns).

silenth the Cleaver (Hill Orc Fighter)              Turns: 9202, Time: 00:10:10

Health: 0/91       AC: 18    Str: 28    XL:     10   Next: 76%
Magic:  15/15      EV:  2    Int: 11    God:    Nemelex Xobeh [**....]
Gold:   454        SH:  0    Dex: 10    Spells: 9/9 levels left

rFire    . . .     SeeInvis +   a - +1 war axe
rCold    . . .     Gourm    .   c - +0 shield
rNeg     + + +     Faith    .   F - +0 plate armour
rPois    ∞         Spirit   .   (no helmet)
rElec    .         Reflect  .   m - +2 cloak
rCorr    .         Harm     .   (no gloves)
MR       ++...                  D - +1 pair of boots
Stlth    ..........             B - amulet of rage
HPRegen  0.25/turn              K - ring of the Mage {Wiz MR++ Int+3}
MPRegen  0.14/turn              C - ring of see invisible

@: mighty, petrified
A: no striking features
a: Draw Escape, Draw Destruction, Draw Summoning, Renounce Religion, Evoke
Berserk Rage


You were on level 10 of the Dungeon.
You worshipped Nemelex Xobeh.
Nemelex Xobeh was pleased with you.
You were not hungry.

You visited 2 branches of the dungeon, and saw 11 of its levels.

You collected 454 gold pieces.

Inventory:

Hand Weapons
 a - a +1 war axe (weapon)
 t - a +0 flail
 A - a +2 flail of holy wrath
Missiles
 d - a throwing net (quivered)
Armour
 b - a +0 scale mail
 c - a +0 shield (worn)
 m - a +2 cloak (worn)
 u - a +0 chain mail
 D - a +1 pair of boots (worn)
 F - a +0 plate armour (worn)
Jewellery
 h - an uncursed ring of positive energy
 l - an uncursed ring of ice
 o - an uncursed ring of wizardry
 B - an amulet of rage (around neck)
 C - a ring of see invisible (right hand)
 H - an uncursed ring of stealth
 I - an uncursed ring of flight
 J - an uncursed amulet of the acrobat
 K - the ring of the Mage (left hand) {Wiz MR++ Int+3}
   (You found it on level 8 of the Dungeon)

   [ring of wizardry]

   It improves your spell success rate.
   It affects your intelligence (+3).
   It affects your resistance to hostile enchantments.
 M - an uncursed ring of protection from fire
Wands
 k - a wand of acid (9)
 y - a wand of random effects (19)
Scrolls
 f - a scroll of magic mapping
 i - a scroll of identify
 r - 5 scrolls of remove curse
 v - 2 scrolls of teleportation
Potions
 g - 4 potions of agility
 j - 3 potions of mutation
 n - 3 potions of haste
 p - 2 potions of resistance
 s - a potion of invisibility
 w - 2 potions of flight
 x - 2 potions of cancellation
 z - a potion of magic
 G - a potion of lignification
 L - a potion of curing {unknown}
Comestibles
 e - 9 rations


   Skills:
 + Level 9.6 Fighting
 * Level 13.4 Axes
 + Level 5.5 Armour
 + Level 2.7 Dodging
 - Level 3.2 Shields
 + Level 7.6 Invocations
 - Level 4.0 Evocations


You had 9 spell levels left.
You didn't know any spells.
Your spell library was empty.

Dungeon Overview and Level Annotations

Branches:
Dungeon (10/15)            Temple (1/1) D:6
   Lair: D:8-11         Orc: D:9-12

Altars:
Ashenzari
Cheibriados
Dithmenos
Elyvilon
Fedhas
Gozag
Hepliaklqana
Kikubaaqudgha
Makhleb
Nemelex Xobeh
Okawaru
Qazlal
Ru
Sif Muna
Trog
Uskayaw
Vehumet
Wu Jian
Xom
Yredelemnul
Zin
The Shining One

Annotations:
D:4 3 runed translucent doors, Clumpoid's ghost, amateur DsFi


Message History

* * * LOW HITPOINT WARNING * * *
The manticore claws you but does no damage.
The catoblepas breathes a plume of calcifying dust at you.
The blast of calcifying dust hits you but does no damage.
You feel much better.
You are engulfed in calcifying dust.
Your limbs have turned to stone.
The catoblepas gores you!
* * * LOW HITPOINT WARNING * * *
The manticore bites you!
* * * LOW HITPOINT WARNING * * *
The manticore claws you but does no damage. x2
The manticore bites you but does no damage.
The manticore claws you but does no damage.
The manticore claws you.
* * * LOW HITPOINT WARNING * * *
The catoblepas gores you!
* * * LOW HITPOINT WARNING * * *
You have turned to stone.
You are engulfed in calcifying dust.
The manticore bites you.
You die...
Your body disappears without a glow.

#..........#
####.......# ####
######.......# #...#
##...##....##.#
#.$≈≈###≈≈$.##....##.#
#.≈..≈.≈..≈.##....##.#
#≈.......≈###....##.#
#≈.≈≈≈.≈##......##.#
+..Y@§§............#
#≈.≈≈H.≈##.........#
#≈.......≈###.#####.#
#.≈..≈.≈..≈.##.# .#
#$/≈≈###≈≈$.##.. #...#
##...##... #### #####
.... ...


You could see a catoblepas and a manticore.

Vanquished Creatures
  Prince Ribbit (D:7)
  A hippogriff (D:8)
  Sigmund (D:5)
  5 yaks (D:8)
  Eustachio (D:4)
  Grum (D:8)
  Menkaure (D:5)
  Edmund (D:5)
  An ice beast (D:8)
  4 orc warriors
  A sky beast (D:7)
  3 necrophages (D:9)
  An eye of draining (D:9)
  8 ogres
  2 phantoms
  2 wolves (D:8)
  2 bullfrogs
  A wyvern zombie (D:9)
  A wyvern skeleton (D:9)
  3 scorpions
  2 howler monkeys (D:9)
  4 wights (D:6)
  2 bullfrog zombies
  A crimson imp (D:9)
  A quasit (D:5)
  6 orc priests
  A bullfrog skeleton (D:7)
  5 hounds
  6 jellies
  3 iguanas
  10 orc wizards
  4 worker ants
  A hound zombie (D:6)
  6 gnolls
  10 adders
  A shadow imp (D:9)
  An ooze (D:5)
  An adder skeleton (D:4)
  3 adder zombies
  3 worms
  2 dart slugs (D:2)
  3 leopard geckos
  29 orcs
  8 bats
  2 giant cockroaches
  7 goblins
  5 hobgoblins
  3 jackals (D:6)
  7 kobolds
  5 quokkas
  A ball python (D:2)
  10 frilled lizards
  A jackal skeleton (D:4)
  A leopard gecko skeleton (D:4)
  A leopard gecko zombie (D:6)
  8 rats
  3 bushes (D:9)
208 creatures vanquished.

Vanquished Creatures (others)
  2 plants (D:9)
2 creatures vanquished.

Grand Total: 210 creatures vanquished

Notes
Turn   | Place    | Note
-------+----------+-------------------------------------------
     0 | D:1      | silenth the Hill Orc Fighter began the quest for the Orb.
     0 | D:1      | Reached XP level 1. HP: 19/19 MP: 1/1
    76 | D:1      | Reached skill level 3 in Axes
   124 | D:1      | Reached XP level 2. HP: 25/27 MP: 2/2
   235 | D:1      | Reached skill level 4 in Fighting
   280 | D:1      | Reached skill level 4 in Axes
   280 | D:1      | Reached XP level 3. HP: 30/33 MP: 3/3
  1415 | D:2      | Reached XP level 4. HP: 41/41 MP: 4/4
  1456 | D:2      | Reached skill level 5 in Axes
  1956 | D:3      | Reached XP level 5. HP: 43/47 MP: 5/5
  2046 | D:3      | Found a bloodstained altar of Trog.
  2047 | D:3      | Found a glowing silver altar of Zin.
  2224 | D:3      | Found a shimmering altar of Xom.
  2229 | D:3      | Reached skill level 5 in Fighting
  2229 | D:3      | Reached skill level 6 in Axes
  2362 | D:3      | Reached XP level 6. HP: 47/56 MP: 6/6
  2369 | D:3      | Reached skill level 7 in Axes
  2942 | D:4      | Reached skill level 6 in Fighting
  2942 | D:4      | Reached skill level 8 in Axes
  2942 | D:4      | Reached XP level 7. HP: 38/63 MP: 7/7
  3086 | D:4      | Found a blossoming altar of Fedhas.
  3168 | D:4      | Reached skill level 1 in Evocations
  3296 | D:4      | Found a runed translucent gate.
  3296 | D:4      | Found a runed translucent gate.
  3296 | D:4      | Found a runed translucent gate.
  3297 | D:4      | Found an opulent altar of Gozag.
  3297 | D:4      | Noticed Clumpoid's ghost (amateur DsFi)
  3362 | D:4      | Noticed Eustachio
  3406 | D:4      | Killed Eustachio
  3458 | D:4      | Reached skill level 9 in Axes
  3458 | D:4      | Reached skill level 2 in Evocations
  3758 | D:5      | Entered Level 5 of the Dungeon
  3758 | D:5      | Noticed Sigmund
  3926 | D:5      | Reached XP level 8. HP: 68/71 MP: 9/9
  3979 | D:5      | Reached skill level 1 in Dodging
  4307 | D:5      | Noticed Edmund
  4323 | D:5      | Killed Edmund
  4323 | D:5      | Reached skill level 7 in Fighting
  4323 | D:5      | Reached skill level 4 in Armour
  4340 | D:5      | Noticed Menkaure
  4348 | D:5      | Killed Menkaure
  4348 | D:5      | Reached skill level 10 in Axes
  4668 | D:5      | Killed Sigmund
  4668 | D:5      | Reached skill level 2 in Dodging
  5002 | D:6      | Reached skill level 3 in Evocations
  5002 | D:6      | Reached XP level 9. HP: 78/79 MP: 11/11
  5104 | D:6      | Reached skill level 5 in Armour
  5108 | D:6      | Reached skill level 11 in Axes
  5347 | D:6      | Reached skill level 8 in Fighting
  5662 | D:6      | Found a staircase to the Ecumenical Temple.
  5738 | Temple   | Entered the Ecumenical Temple
  5850 | Temple   | Became a worshipper of Nemelex Xobeh the Trickster
  5943 | D:7      | Received a gift from Nemelex Xobeh
  6090 | D:7      | Reached skill level 1 in Invocations
  6096 | D:7      | Reached skill level 2 in Invocations
  6273 | D:7      | Received a gift from Nemelex Xobeh
  6340 | D:7      | Noticed Prince Ribbit
  6349 | D:7      | Killed Prince Ribbit
  6349 | D:7      | Reached skill level 3 in Invocations
  6349 | D:7      | Reached skill level 4 in Evocations
  6882 | D:8      | Reached skill level 4 in Invocations
  6895 | D:8      | Reached skill level 12 in Axes
  6913 | D:8      | Noticed Grum
  6916 | D:8      | Reached skill level 5 in Invocations
  6935 | D:8      | Reached XP level 10. HP: 62/90 MP: 14/14
  6936 | D:8      | Reached skill level 9 in Fighting
  6936 | D:8      | Reached skill level 6 in Invocations
  6939 | D:8      | Killed Grum
  6951 | D:8      | Reached skill level 7 in Invocations
  7182 | D:8      | Found the ring of the Mage {Wiz MR++ Int+3}
  7238 | D:8      | Reached * piety under Nemelex Xobeh
  8055 | D:9      | Reached skill level 13 in Axes
  8350 | D:9      | Received a gift from Nemelex Xobeh
  8485 | D:9      | Found a blossoming altar of Fedhas.
  8894 | D:10     | Entered Level 10 of the Dungeon
  8905 | D:10     | Found a shattered altar of Ashenzari.
  8942 | D:10     | Reached ** piety under Nemelex Xobeh
  9020 | D:10     | Noticed a manticore
  9021 | D:10     | Noticed a catoblepas
  9200 | D:10     | HP: 9/90 [manticore (4)]
  9201 | D:10     | HP: 2/91 [catoblepas (7)]
  9202 | D:10     | Slain by a manticore

Levels and vault maps discovered:
D:1:      giann_wishing_wells, layout_loops_ring
D:2:      layout_basic, first_ration, hangedman_decor_diamond_cutter
D:3:      layout_rooms, overflow_temple_1_default, grunt_temple_overflow_open,
          minmay_randomly_rotated_circles
D:4:      layout_basic, old_standard_altar, ebering_ghost_gozag, uniq_eustachio
D:5:      kb_forest_paths, layout_basic, serial_co_window_serial,
          co_window_corner_a, co_window_paths_b, co_window_paths_a,
          co_window_corner_a, co_window_paths_b, co_window_of_opportunity_a,
          co_window_of_opportunity_a, co_window_corner_b, co_window_2corner,
          co_window_paths_e, glass_columns_c, glass_columns_a, glass_columns_b,
          glass_columns_c, glass_columns_a, minmay_misc_feat_room,
          cheibrodos_gnoll_hut, uniq_menkaure, uniq_sigmund, uniq_edmund
D:6:      layout_gridville, minmay_temple_entry_poolview,
          hangedman_decor_growths, st_stairs_12
D:7:      layout_cave_pods, uniq_prince_ribbit1
D:8:      layout_loops_ring, serial_rivers, chequers_serial_rivers_small_b,
          chequers_serial_rivers_small_a, chequers_serial_rivers_room_b,
          chequers_serial_rivers_micro_d, chequers_serial_rivers_room_a,
          uniq_grum
D:9:      layout_rooms, fedhas_altar_decomposition
D:10:     nzn_motion_control, layout_stronghold, dpeg_lair_monsters,
          basic_altar, enter_trove_0
Temple:   compressed_dpeg_circular_temple

Skill      XL: |  1  2  3  4  5  6  7  8  9 10 |
---------------+-------------------------------+-----
Axes           | 3 4 5 6 8 9 10 12 13 | 13.4
Fighting       | 4 5 6 7 8 9 |  9.6
Evocations     | 2 3 4 |  4.0
Dodging        | 2 |  2.7
Armour         | 4 5 |  5.5
Invocations    | 5 7 |  7.6
Shields        | |  3.2

Action                   |  1- 3 |  4- 6 |  7- 9 | 10-12 || total
-------------------------+-------+-------+-------+-------++-------
Melee: War axe           |   118 |   178 |   300 |   154 ||   750
       Unarmed           |       |     9 |       |       ||     9
 Abil: Evoke Berserk Rag |       |       |     2 |     1 ||     3
       Draw Destruction  |       |       |     1 |     2 ||     3
       Draw Escape       |       |       |       |     1 ||     1
  Use: Scroll            |       |     7 |     8 |     4 ||    19
       Potion            |       |     2 |     1 |     2 ||     5
  Eat: Chunk             |     2 |     5 |     7 |     5 ||    19
       Ration            |       |       |     2 |     2 ||     4
Armor: Scale mail        |    45 |    40 |       |       ||    85
       Chain mail        |       |    70 |    75 |       ||   145
       Plate armour      |       |       |    99 |    61 ||   160
Dodge: Dodged            |    30 |    54 |    66 |    17 ||   167
Block: Shield            |    70 |    84 |   138 |    31 ||   323

Table legend:
 A = Non-vault XP
 B = Vault XP
 C = Vault XP percentage of total XP
 D = Non-vault monster count
 E = Vault monster count
 F = Vault count percentage of total count
                 A         B        C        D         E       F
            +---------+---------+-------+---------+---------+-------
      Total |    6060 |    2099 |  25.7 |     177 |      28 |  13.7
            +---------+---------+-------+---------+---------+-------
        D:1 |      50 |       0 |   0.0 |      22 |       0 |   0.0
        D:2 |     112 |       0 |   0.0 |      22 |       0 |   0.0
        D:3 |     271 |      10 |   3.6 |      22 |       6 |  21.4
        D:4 |     459 |     188 |  29.1 |      23 |       1 |   4.2
        D:5 |     308 |     709 |  69.7 |       7 |      10 |  58.8
        D:6 |     772 |       2 |   0.3 |      30 |       1 |   3.2
        D:7 |     647 |     274 |  29.8 |      12 |       1 |   7.7
        D:8 |    2170 |     409 |  15.9 |      19 |       3 |  13.6
        D:9 |    1158 |     507 |  30.5 |      19 |       6 |  24.0
       D:10 |     113 |       0 |   0.0 |       1 |       0 |   0.0
            +---------+---------+-------+---------+---------+-------
